 Dungeon Crawl Stone Soup version 0.28.0 (webtiles) character file.

Game seed: 7527149163123338471

20 Host24 the Bolt Thrower (level 3, 0/23 HPs)
             Began as a Kobold Hunter on Mar 5, 2022.
             Succumbed to an adder's poison
             ... on level 1 of the Dungeon.
             The game lasted 00:01:48 (1314 turns).

Host24 the Bolt Thrower (Kobold Hunter)             Turns: 1314, Time: 00:01:49

Health: 0/23       AC:  3    Str: 11    XL:     3   Next: 0%
Magic:  3/3        EV: 14    Int: 12    God:
Gold:   41         SH:  0    Dex: 15    Spells: 2/2 levels left

rFire   . . .      SeeInvis +   a - +1 hand crossbow
rCold   . . .      Faith    .   (no shield)
rNeg    . . .      Spirit   .   c - +0 leather armour
rPois   .          Reflect  .   (no helmet)
rElec   .          Harm     .   (no cloak)
rCorr   .          Rampage  .   (no gloves)
Will    .....                   (no boots)
Stlth   +++.......              (no amulet)
HPRegen 0.07/turn               i - ring of see invisible
MPRegen 0.08/turn               (no ring)

@: lethally poisoned (0 -> -4)
A: small, no large weapons, nightstalker 3
a: no special abilities


You were on level 1 of the Dungeon.
You visited 1 branch of the dungeon, and saw 2 of its levels.

You collected 41 gold pieces.

Inventory:

Hand Weapons
 a - a +1 hand crossbow (weapon)
 l - a +3 dagger
Missiles
 d - 31 bolts (quivered ammo)
 f - 36 stones
 g - 22 arrows
Armour
 c - a +0 leather armour (worn)
Jewellery
 i - a ring of see invisible (left hand)
Scrolls
 e - a scroll of identify {unknown}
 k - a scroll of noise {unknown}
Potions
 h - a potion of heal wounds {unknown}
 j - a potion of curing {unknown}


   Skills:
 - Level 3.0 Fighting
 + Level 5.0 Crossbows
 - Level 3.0 Dodging
 - Level 1.3 Stealth


You had 2 spell levels left.
You didn't know any spells.
Your spell library contained the following spells:

 Spells                   Type           Power      Damage    Failure   Level
 Foxfire                  Conj/Fire      0%         2x1d4     41%         1
 Conjure Flame            Conj/Fire      0%         6-21      78%         3
 Ignite Poison            Fire/Tmut/Pois 0%         N/A       78%         3
 Inner Flame              Hex/Fire       0%         N/A       78%         3
 Stone Arrow              Conj/Erth      0%         3d7       78%         3
 Animate Armour           Summ/Erth      0%         N/A       99%         4
 Flame Wave               Conj/Fire      0%         2d4       99%         4
 Sticky Flame             Conj/Fire      0%         2d3       99%         4
 Lehudib's Crystal Spear  Conj/Erth      0%         10d2      100%        8


Dungeon Overview and Level Annotations

Branches:
Dungeon (2/15)

Altars:


Innate Abilities, Weirdness & Mutations

You are small and have problems with some larger weapons.
You are completely attuned to the shadows.


Message History

The kobold is severely wounded.
The kobold barely misses you. The adder barely misses you.
You hit the kobold but do no damage.
The kobold is severely wounded.
The kobold hits you but does no damage. The adder bites you.
You hit the adder.
The adder is lightly wounded.
The adder bites you.
The kobold hits you with a +0 short sword.
The adder bites you.
The kobold hits you with a +0 short sword.
The kobold throws a stone.
The stone barely misses you. The adder closely misses you.
The kobold throws a stone.
The stone closely misses you.
There is an escape hatch in the ceiling here.
The adder barely misses you. x2
A mysterious force pulls you upwards. The hatch slams shut behind you.
a - a +1 hand crossbow (weapon)
Fire: 34 bolts
Press: ? - help, Q - select action, (/) - cycle Shift-Dir - straight line, f - adder
Aim: an adder (lightly wounded, 51% to hit)
You shoot a bolt. The bolt barely misses the adder.
The adder bites you.
You are poisoned.
The adder poisons you! The adder bites you.
* * * LOW HITPOINT WARNING * * *
Fire: 33 bolts
Press: ? - help, Q - select action, (/) - cycle Shift-Dir - straight line, f/p - adder
Aim: an adder (lightly wounded, 51% to hit)
You shoot a bolt. The bolt hits the adder!
The adder is almost dead.
* * * LOW HITPOINT WARNING * * *
You feel sick. The adder bites you.
* * * LOW HITPOINT WARNING * * *
The adder bites you but does no damage.
Fire: 32 bolts
Press: ? - help, Q - select action, (/) - cycle Shift-Dir - straight line, f/p - adder
Aim: an adder (almost dead, 51% to hit)
You shoot a bolt. The bolt closely misses the adder.
You die...

#
#.####.#####.........####
# #.#
#.##...............### #
#.#
#.'......⌠...⌠.......# #
#.#
###...⌠.........⌠...## #
#.# #.........≈.........#
# #.#
#...⌠...........⌠...#####
# #.#
#<.....≈.....≈.......#...
# #.#
#...⌠...........⌠...##...
# #.#
#.......@.≈.........##...
# #.#
##...⌠.S.......⌠...######
# #.#
#.......⌠...⌠......'.....
# #.#
###..(............##.####
# #.#
####.........#####.# #
#.####################
#.# # #.............>.#
#.#### #
###############.# #.##..
# #.# #.##.#


You could see an adder.

Vanquished Creatures
  3 endoplasms (D:1)
  2 goblins (D:1)
  A hobgoblin (D:1)
  A kobold (D:1)
  A quokka (D:2)
  4 bats
  3 frilled lizards
  5 rats
20 creatures vanquished.

Notes
Turn   | Place    | Note
-------+----------+-------------------------------------------
     0 | D:1      | Host24 the Kobold Hunter began the quest for the Orb.
     0 | D:1      | Reached XP level 1. HP: 12/12 MP: 1/1
   141 | D:1      | Reached skill level 5 in Crossbows
   379 | D:1      | Reached XP level 2. HP: 18/18 MP: 2/2
  1280 | D:2      | Reached XP level 3. HP: 23/23 MP: 3/3
  1313 | D:1      | HP: 1/23 [adder (3)]
  1314 | D:1      | Succumbed to an adder's poison

Illustrated notes

Levels and vault maps discovered:
D:1:      dpeg_arrival_stone_temple_mockup, layout_basic
D:2:      layout_rooms, hellmonk_ecumenical_altar_lost_god,
          chequers_serial_rivers_micro_d, item_on_display_a

Skill      XL: |  1  2 |
---------------+-------+-----
Crossbows      | 5 |  5.0
Fighting       | 3 |  3.0
Dodging        | 3 |  3.0
Stealth        | |  1.3

Action                   || total
-------------------------++-------
Melee: Short sword       ||    15
       Dagger            ||    40
       Punch             ||     1
 Fire: Hand crossbow     ||     3
 Stab: Sleeping          ||    10
Armor: Leather armour    ||    16
Dodge: Dodged            ||    41
